 Dungeon Crawl Stone Soup version 0.20.1-1-g8b1a95d (webtiles) character file.

85 keltmir the Changer (level 4, -1/35 HPs)
             Began as a Draconian Transmuter on Oct 31, 2017.
             Succumbed to a scorpion's poison
             ... on level 5 of the Dungeon.
             The game lasted 00:05:10 (1639 turns).

keltmir the Changer (Draconian Transmuter)          Turns: 1639, Time: 00:05:10

Health: -1/35      AC:  5    Str: 12    XL:     4   Next: 25%
Magic:  6/7        EV: 12    Int: 14    God:
Gold:   91         SH:  0    Dex: 12    Spells: 3/7 levels left

rFire    . . .     SeeInvis .     - Unarmed
rCold    . . .     Gourm    .   (no shield)
rNeg     . . .     Faith    .   (armour unavailable)
rPois    .         Spirit   .   (helmet restricted)
rElec    .         Reflect  .   (no cloak)
rCorr    .         Harm     .   (no gloves)
MR       .....                  (boots currently unavailable)
Stlth    +.........             (no amulet)
Regen    0.2/turn               (no ring)
MPRegen  0.1/turn               (no ring)

@: lethally poisoned (-1 -> -30), appendage (expiring)
A: unfitting armour, talons 3, cold-blooded, AC +5
a: End Transformation


You were on level 5 of the Dungeon.
You were hungry.
You had grown temporary talons.
You visited 1 branch of the dungeon, and saw 5 of its levels.

You collected 91 gold pieces.

Inventory:

Missiles
 a - 31 arrows
Scrolls
 d - a scroll of amnesia {unknown}
 e - a scroll of remove curse
 g - a scroll of teleportation
 i - a scroll of enchant weapon {unknown}
 l - a scroll of identify {unknown}
 n - a scroll of magic mapping {unknown}
Potions
 f - a potion of resistance {unknown}
 j - a potion of curing {unknown}
 k - a potion of haste {unknown}
 m - a potion of ambrosia {unknown}
 p - a potion of lignification {unknown}
Books
 b - a book of Changes

   Spells                             Type                      Level
   a - Beastly Appendage              Transmutation                1
   b - Sticks to Snakes               Transmutation                2
   c - Spider Form                    Transmutation/Poison         3
   d - Ice Form                       Ice/Transmutation            4
   e - Blade Hands                    Transmutation                5
Comestibles
 c - 2 bread rations
 h - 2 royal jellies
 o - a fruit


   Skills:
 - Level 1.1 Fighting
 - Level 1.7 Dodging
 - Level 3.0 Unarmed Combat
 - Level 2.0 Spellcasting
 * Level 4.5 Transmutations


You had 3 spell levels left.
You knew the following spells:

 Your Spells              Type           Power        Failure   Level  Hunger
a - Beastly Appendage     Tmut           ##....       3%          1    ##.....
b - Spider Form           Tmut/Pois      #.........   28%         3    ####...


Dungeon Overview and Level Annotations

Branches:
Dungeon (5/15)
 Temple: D:4-7

Altars:

Annotations:
D:4 Glalom's ghost, amateur DDFi


Innate Abilities, Weirdness & Mutations

Your plain brown scales are hard. (AC +5)
You cannot fit into any form of body armour.
You are cold-blooded and may be slowed by cold attacks.
You have claws for feet.


Message History

You hit the scorpion but do no damage. Your kick misses the scorpion.
The scorpion stings you.
You are poisoned.
The scorpion poisons you!
You hit the scorpion but do no damage.
You feel sick. The scorpion stings you.
* * * LOW HITPOINT WARNING * * *
You are lethally poisoned!
The scorpion poisons you!
You hit the scorpion.
You tail-slap the scorpion, but do no damage.
The scorpion is lightly wounded.
Your transformation is almost over.
* * * LOW HITPOINT WARNING * * *
You feel sick. The scorpion stings you.
* * * LOW HITPOINT WARNING * * *
You are more poisoned.
The scorpion poisons you!
You hit the scorpion. Your kick misses the scorpion.
The scorpion is moderately wounded.
You die...

# #.# ###### . #.#
#....#
.####.####.##.###
................##
..######.#.......#####
...........#.........#
..###..≈≈≈.......###.#
#.# #..≈%≈...........#
+......≈≈≈.#..##@#####
#.###.........##s....#
#.# #.........##!###.#
#.........#...
.....#.......#.
....... ...... .$
#...#.# ..# ..#.#.# .#


You could see a scorpion.

Vanquished Creatures
  A centaur skeleton (D:5)
  A gnoll (D:1)
  2 dart slugs
  4 leopard geckos (D:1)
  An orc (D:4)
  A giant cockroach (D:1)
  5 goblins
  4 hobgoblins
  A quokka (D:2)
  A ball python (D:2)
  6 bats
  2 frilled lizards (D:1)
  3 kobolds
  6 rats
38 creatures vanquished.

Notes
Turn   | Place    | Note
-------+----------+-------------------------------------------
     0 | D:1      | keltmir the Draconian Transmuter began the quest for the Orb.
     0 | D:1      | Reached XP level 1. HP: 16/16 MP: 3/3
   172 | D:1      | Reached XP level 2. HP: 16/23 MP: 3/5
   390 | D:1      | Reached skill level 3 in Transmutations
   705 | D:1      | Reached XP level 3. HP: 24/28 MP: 6/6
   787 | D:1      | Learned a level 3 spell: Spider Form
  1209 | D:2      | Reached skill level 4 in Transmutations
  1383 | D:2      | You fall through a shaft for 2 floors!
  1523 | D:4      | Noticed Glalom's ghost (amateur DDFi)
  1526 | D:5      | Entered Level 5 of the Dungeon
  1562 | D:5      | Reached XP level 4. HP: 29/35 MP: 7/7
  1639 | D:5      | Succumbed to a scorpion's poison

Skill      XL: |  1  2  3 |
---------------+----------+-----
Transmutations | 3 4 |  4.5
Fighting       | |  1.1
Dodging        | |  1.7
Unarmed Combat | |  3.0
Spellcasting   | |  2.0

Action                   |  1- 3 |  4- 6 || total
-------------------------+-------+-------++-------
Melee: Unarmed           |   134 |     6 ||   140
       Kick              |    10 |     1 ||    11
       Punch             |     2 |       ||     2
       Headbutt          |     6 |       ||     6
       Tailslap          |     8 |     1 ||     9
 Cast: Beastly Appendage |    16 |     1 ||    17
  Use: Scroll            |     2 |       ||     2
 Stab: Sleeping          |     1 |       ||     1
  Eat: Chunk             |     2 |       ||     2
Armor: Skin              |    37 |       ||    37
Dodge: Dodged            |    90 |       ||    90
